 Dungeon Crawl Stone Soup version 0.24.0-13-gcf9b3192b9 (webtiles) character file.

Game seed: 17727619245365236232, levelgen mode: deterministic

2203 Ge0ff the Cleaver (level 9, 0/75 HPs)
             Began as a Minotaur Gladiator on Nov 8, 2019.
             Was a Follower of Okawaru.
             Slain by a gnoll sergeant
             ... wielding a +0 halberd
              (13 damage)
             ... in a bailey.
             The game lasted 00:17:53 (6916 turns).

Ge0ff the Cleaver (Minotaur Gladiator)              Turns: 6916, Time: 00:17:53

Health: 0/75       AC: 12    Str: 21    XL:     9   Next: 12%
Magic:  11/11      EV: 10    Int:  5    God:    Okawaru [*.....]
Gold:   366        SH:  0    Dex: 17    Spells: 8/8 levels left

rFire    + . .     SeeInvis .   a - +3 war axe
rCold    . . .     Gourm    .   (no shield)
rNeg     + . .     Faith    .   M - +0 chain mail
rPois    .         Spirit   .   c - +0 hat
rElec    .         Reflect  .   N - +0 cloak
rCorr    .         Harm     .   s - +0 pair of gloves
MR       .....                  (no boots)
Stlth    ..........             S - amulet of the acrobat
HPRegen  0.22/turn              x - ring of positive energy
MPRegen  0.12/turn              n - ring "Lij Mere" {rF+ Dex+4 Slay+2, =R}

@: no status effects
A: retaliatory headbutt, horns 2
a: Heroism, Renounce Religion


You were in a bailey.
You worshipped Okawaru.
Okawaru was aware of your devotion.
You were not hungry.

You visited 2 branches of the dungeon, and saw 8 of its levels.
You also visited: Sewer and Bailey.

You collected 366 gold pieces.

Inventory:

Hand Weapons
 a - a +3 war axe (weapon)
 b - a +0 flail
 J - a cursed -3 hunting sling
 V - a +4 quarterstaff of chaos
Missiles
 d - 5 throwing nets {=f}
 u - 183 stones
 w - 6 poisoned darts (quivered)
 W - 7 atropa-tipped darts
 X - 11 boomerangs
Armour
 c - a +0 hat (worn)
 s - a +0 pair of gloves (worn)
 z - a +2 scale mail of poison resistance
 B - a +0 plate armour
 D - a +0 large shield
 M - a +0 chain mail (worn)
 N - a +0 cloak (worn)
 Y - a +0 troll leather armour
Jewellery
 n - the ring "Lij Mere" (right hand) {rF+ Dex+4 Slay+2, =R}
   (You found it on level 6 of the Dungeon)

   [ring of slaying]

   It affects your dexterity (+4).
   It affects your accuracy and damage with ranged weapons and melee attacks
   (+2).
   It protects you from fire.
 o - an uncursed ring of wizardry {unknown}
 p - an uncursed amulet of magic regeneration {unknown}
 x - a ring of positive energy (left hand)
 y - an uncursed ring of wizardry {unknown}
 S - an amulet of the acrobat (around neck)
Wands
 f - a wand of flame (35)
 k - a wand of iceblast (18)
 P - a wand of polymorph (8)
Scrolls
 q - 2 scrolls of acquirement
 C - 3 scrolls of remove curse
 E - 3 scrolls of fear
 F - 2 scrolls of fog
 T - 5 scrolls of teleportation
 U - a scroll of enchant weapon
Potions
 t - 2 potions of agility {unknown}
 v - 2 potions of magic {unknown}
 A - a potion of might {unknown}
 G - 3 potions of heal wounds {unknown}
 H - a potion of haste {!q}
 I - 2 potions of invisibility
 O - a potion of degeneration {unknown}
 Q - 4 potions of brilliance {unknown}
 Z - 2 potions of curing {unknown}
Comestibles
 r - 11 rations
 R - 8 chunks of flesh


   Skills:
 + Level 5.9 Fighting
 * Level 9.9 Axes
 - Level 2.0 Throwing
 + Level 5.1 Armour
 - Level 5.0 Dodging
 + Level 2.6 Invocations
 + Level 4.3 Evocations


You had 8 spell levels left.
You didn't know any spells.
Your spell library was empty.

Dungeon Overview and Level Annotations

Branches:
Dungeon (7/15)             Temple (1/1) D:6           Sewer (visited)
 Bailey (1/1)

Altars:
Ashenzari
Cheibriados
Dithmenos
Elyvilon
Fedhas
Gozag
Hepliaklqana
Kikubaaqudgha
Makhleb
Nemelex Xobeh
Okawaru
Qazlal
Ru
Sif Muna
Trog
Uskayaw
Vehumet
Wu Jian
Xom
Yredelemnul
Zin
The Shining One

Shops:
D:4 %


Innate Abilities, Weirdness & Mutations

You reflexively headbutt those who attack you in melee.
You have a pair of horns on your head.


Message History

The gnoll sergeant hits you from afar with a +0 halberd!
You slice the gnoll sergeant!!
You kill the gnoll sergeant!
Okawaru accepts your kill.
The gnoll sergeant hits you from afar with a +0 halberd.
You hit the gnoll sergeant.
The gnoll sergeant is moderately wounded.
The gnoll sergeant hits you with a +0 halberd!
* * * LOW HITPOINT WARNING * * *
The gnoll shaman hits you but does no damage.
You slash the gnoll sergeant!
The gnoll sergeant is severely wounded.
The gnoll sergeant hits you with a +0 halberd!
* * * LOW HITPOINT WARNING * * *
The gnoll shaman calls upon its god to speed up the gnoll sergeant.
The gnoll sergeant seems to speed up.
You hit the gnoll sergeant.
The gnoll sergeant is almost dead.
The gnoll sergeant hits you with a +0 halberd!
You die...

♣♣♣♣♣ ♣≈≈≈≈≈ ≈≈...
######### ≈..#
......8.## ≈..#
.........## ≈♣ ≈..#
........# ≈♣ ≈..#
#####g....# .≈♣ ≈..#
##...##g@).#..≈♣
≈..######.....###'##..≈♣
...'...#......[#).....≈♣
)..')..'...8..['))....≈♣
...'...#......)#).(...≈♣
≈..######.....###+##..≈♣
≈..# ##...## ..≈♣ ≈..#
##### .≈♣ ≈..# .≈♣


You could see a gnoll sergeant and a gnoll shaman.

Vanquished Creatures
  Sigmund (D:5)
  Purgy (Sewer)
  An ice beast (D:6)
  A phantom (D:7)
  A necrophage (D:7)
  3 ogres
  2 centaurs (D:5)
  3 gnoll sergeants (Bailey)
  5 killer bees
  3 crimson imps
  3 hounds
  Crazy Yiuf (D:2)
  An orc priest (D:6)
  3 gnoll shamans (Bailey)
  3 orc wizards
  An iguana (D:5)
  2 worker ants
  2 worker ant zombies
  8 adders
  15 gnolls
  3 shadow imps
  2 oozes
  A worm (D:2)
  3 dart slugs
  3 leopard geckos
  15 orcs
  2 ball pythons (Sewer)
  6 bats
  3 giant cockroaches
  8 goblins
  8 hobgoblins
  4 jackals (D:1)
  3 quokkas
  8 frilled lizards
  A jackal skeleton (D:4)
  4 kobolds (D:1)
  5 rats
139 creatures vanquished.

Notes
Turn   | Place    | Note
-------+----------+-------------------------------------------
     0 | D:1      | Ge0ff the Minotaur Gladiator began the quest for the Orb.
     0 | D:1      | Reached XP level 1. HP: 18/18 MP: 0/0
    74 | D:1      | Reached skill level 4 in Axes
    79 | D:1      | Reached XP level 2. HP: 20/25 MP: 1/1
   266 | D:1      | Reached skill level 5 in Axes
   339 | D:1      | Reached XP level 3. HP: 27/30 MP: 2/2
  1142 | D:2      | Reached XP level 4. HP: 37/37 MP: 3/3
  1189 | D:2      | Found a runed translucent door.
  1190 | D:2      | Noticed Crazy Yiuf
  1199 | D:2      | Killed Crazy Yiuf
  1199 | D:2      | Reached skill level 6 in Axes
  1199 | D:2      | Reached skill level 1 in Evocations
  1881 | D:3      | Reached XP level 5. HP: 42/42 MP: 5/5
  2180 | D:3      | Found an opulent altar of Gozag.
  2664 | D:4      | Noticed an ogre
  2674 | D:4      | Killed an ogre
  2674 | D:4      | Reached skill level 1 in Armour
  2781 | D:4      | Found Duika's Food Emporium.
  2790 | D:4      | Reached skill level 7 in Axes
  2790 | D:4      | Reached XP level 6. HP: 45/51 MP: 6/6
  3383 | D:5      | Entered Level 5 of the Dungeon
  3594 | D:5      | Noticed Sigmund
  3626 | D:5      | Killed Sigmund
  3626 | D:5      | Reached XP level 7. HP: 50/58 MP: 6/8
  3655 | D:5      | Found a glowing drain.
  3665 | Sewer    | Entered a sewer
  3697 | Sewer    | Noticed Purgy
  3707 | Sewer    | Killed Purgy
  3707 | Sewer    | Reached skill level 8 in Axes
  4072 | D:5      | Found a shadowy altar of Dithmenos.
  4623 | D:6      | Found a staircase to the Ecumenical Temple.
  4652 | Temple   | Entered the Ecumenical Temple
  4838 | Temple   | Became a worshipper of Warmaster Okawaru
  5037 | D:6      | Got a wavering iron ring
  5038 | D:6      | Identified the ring "Lij Mere" {rF+ Dex+4 Slay+2} (You
                  | found it on level 6 of the Dungeon)
  5114 | D:6      | Reached XP level 8. HP: 64/67 MP: 9/9
  5704 | D:6      | Reached skill level 5 in Fighting
  5799 | D:7      | Identified 2 scrolls of acquirement
  5837 | D:7      | Reached skill level 9 in Axes
  5837 | D:7      | Reached skill level 1 in Invocations
  5915 | D:7      | Reached * piety under Okawaru
  6156 | D:7      | Found a flagged portal.
  6293 | Bailey   | Entered a bailey
  6588 | Bailey   | Reached skill level 5 in Dodging
  6662 | Bailey   | Reached XP level 9. HP: 65/75 MP: 11/11
  6867 | Bailey   | Reached skill level 5 in Armour
  6916 | Bailey   | Slain by a gnoll sergeant

Levels and vault maps discovered:
D:1:      psy_arrival_fountain, layout_loops_cross
D:2:      layout_loops_ring, first_ration, uniq_crazy_yiuf_cottage
D:3:      layout_basic, grunt_gozag_statues
D:4:      layout_cave_pools, serial_shops, nicolae_shop_stone
D:5:      layout_loops_cross, grunt_dithmenos_shadows, portal_sewer_entry_d,
          uniq_sigmund
D:6:      layout_basic, minmay_temple_entry_arrows,
          chequers_serial_rivers_micro_d, kennysheep_generic_room_10
D:7:      layout_loops_cross, enter_bailey_2, the_bakery, serial_park_tiny_1
Temple:   regret_index_temple_chain_breaker
Bailey:   bailey_polearm_gnolls_kennysheep, bailey

Skill      XL: |  1  2  3  4  5  6  7  8  9 |
---------------+----------------------------+-----
Axes           | 4 5 6 7 8 9 |  9.9
Evocations     | 1 2 3 4 |  4.3
Fighting       | 3 4 5 |  5.9
Armour         | 1 2 3 4 5 |  5.1
Dodging        | 4 5 |  5.0
Invocations    | 2 |  2.6
Throwing       | |  2.0

Action                   |  1- 3 |  4- 6 |  7- 9 || total
-------------------------+-------+-------+-------++-------
Melee: War axe           |    73 |   111 |   182 ||   366
       Headbutt          |    11 |    19 |    40 ||    70
       Punch             |       |       |     1 ||     1
Throw: Stone             |       |     4 |       ||     4
       Throwing net      |       |     1 |     2 ||     3
       Dart              |       |     8 |    16 ||    24
Invok: Heroism           |       |       |     1 ||     1
Evoke: Wand              |       |       |     1 ||     1
  Use: Scroll            |     3 |     5 |     8 ||    16
 Stab: Held in net/web   |       |     1 |       ||     1
       Sleeping          |       |     1 |       ||     1
  Eat: Chunk             |     1 |     7 |     8 ||    16
       Ration            |       |       |     1 ||     1
Armor: Leather armour    |     4 |       |       ||     4
       Ring mail         |    25 |     8 |       ||    33
       Chain mail        |       |    63 |    86 ||   149
Dodge: Dodged            |    48 |    44 |   132 ||   224

Levels and vault maps discovered:
D:1:      psy_arrival_fountain, layout_loops_cross
D:2:      layout_loops_ring, first_ration, uniq_crazy_yiuf_cottage
D:3:      layout_basic, grunt_gozag_statues
D:4:      layout_cave_pools, serial_shops, nicolae_shop_stone
D:5:      layout_loops_cross, grunt_dithmenos_shadows, portal_sewer_entry_d,
          uniq_sigmund
D:6:      layout_basic, minmay_temple_entry_arrows,
          chequers_serial_rivers_micro_d, kennysheep_generic_room_10
D:7:      layout_loops_cross, enter_bailey_2, the_bakery, serial_park_tiny_1
Temple:   regret_index_temple_chain_breaker
Bailey:   bailey_polearm_gnolls_kennysheep, bailey
